[Event "Late-Titled-Tuesday-Blitz-January-30-2024"]
[Site "Chess.com"]
[Date "2024.01.30"]
[Round "2"]
[White "ArturoCaceres"]
[Black "katharinareinecke"]
[Result "1-0"]
[WhiteElo "2434"]
[BlackElo "1975"]
[TimeControl "180+1"]
[EndTime "14:16:11 PST"]
[Termination "ArturoCaceres won on time"]

1. d4 d5 2. Nf3 Nf6 3. Bg5 e6 4. e3 Be7 5. Bd3 O-O 6. Ne5 Nbd7 7. Nd2 Nxe5 8. dxe5 Nd7 9. Bxe7 Qxe7 10. f4 f6 11. Qh5 g6 12. Qh4 Qg7 13. exf6 Qxf6 14. Qxf6 Nxf6 15.
Nf3 c5 16. c4 b6 17. Ne5 Bb7 18. Kf2 Rad8 19. Rad1 dxc4 20. Bxc4 Ne4+ 21. Ke2 Bd5 22. Bxd5 exd5 23. Nc6 Rd7 24. Rxd5 Rc7 25. Ne5 c4 26.
Rd4 c3 27. Rxe4 cxb2 28. Rb1 Rc2+ 29. Kf3 Rfc8 30. Rb4 g5 31. R4xb2 gxf4 32. exf4 R8c3+ 33. Ke4 1-0

[Event "Late-Titled-Tuesday-Blitz-January-30-2024"]
[Site "Chess.com"]
[Date "2024.01.30"]
[Round "2"]
[White "Rikikits"]
[Black "Arteler"]
[Result "1-0"]
[WhiteElo "2826"]
[BlackElo "2562"]
[TimeControl "180+1"]
[EndTime "14:16:13 PST"]
[Termination "Rikikits won by resignation"]

1. d4 d5 2. Nf3 c5 3. dxc5 Nc6 4. a3 e5 5. b4 e4 6. Nd4 Nxd4 7. Qxd4 Be7 8. Nc3 Bf6 9. Qd2 Ne7 10. e3 O-O 11.
Bb2 a5 12. Rb1 Be6 13. Be2 Nc6 14. b5 Ne5 15. Na4 Rc8 16. O-O Nd7 17. Bd4 Bxd4 18.
exd4 f5 19. f4 b6 20. cxb6 Nxb6 21. Nc5 Qf6 22. Rfd1 a4 23. Qa5 Nd7 24. Qb4 Nb6 25. Qa5 Nd7 26. b6 Nxc5 27. dxc5 Rc6 28. b7 Rb8 29. Rb6 Bd7 30. Qa7 Qd8 31. Rxd5 Rc7 32. c6 Qh4 33. Qxb8+ 1-0

[Event "Late-Titled-Tuesday-Blitz-January-30-2024"]
[Site "Chess.com"]
[Date "2024.01.30"]
[Round "2"]
[White "rquery98"]
[Black "ozen_metehan"]
[Result "1/2-1/2"]
[WhiteElo "2735"]
[BlackElo "2459"]
[TimeControl "180+1"]
[EndTime "14:16:16 PST"]
[Termination "Game drawn by repetition"]

1. Nf3 Nf6 2. g3 g6 3. c4 Bg7 4. d4 O-O 5. Nc3 d6 6. Bg2 Nc6 7. h3 e5 8. Be3 exd4 9. Nxd4 Bd7 10. O-O Re8 11. Qd2 Ne5 12. b3 c6 13. f4 Neg4 14.
hxg4 Nxg4 15. Bf2 Nxf2 16. Rxf2 Qb6 17. e3 Rxe3 18. Qxe3 Bxd4 19. Qd2 Re8 20. Na4 Bxf2+ 21. Qxf2 Qa5 22. Rd1 Bg4 23. Bf3 Bxf3 24. Qxf3 Re1+ 25. Rxe1 Qxe1+ 26. Kg2 d5 27. cxd5 cxd5 28. Nc3 d4 29. Ne4 Qb1 30. Qe2 d3 31. Qd2 Qc2 32. Kf3 f5 33.
Qe3 fxe4+ 34. Qxe4 Qd1+ 35. Kf2 d2 36. Qe8+ Kg7 37.
Qe7+ Kg8 38. Qe8+ Kg7 39. Qe7+ Kg8 40. Qe8+ 1/2-1/2

[Event "Late-Titled-Tuesday-Blitz-January-30-2024"]
[Site "Chess.com"]
[Date "2024.01.30"]
[Round "2"]
[White "JonasGallasch"]
[Black "only_strong_moves"]
[Result "0-1"]
[WhiteElo "2329"]
[BlackElo "2542"]
[TimeControl "180+1"]
[EndTime "14:16:21 PST"]
[Termination "only_strong_moves won by resignation"]

1. Nf3 Nf6 2. g3 e6 3. Bg2 d5 4. O-O Be7 5. d4 O-O 6. c4 dxc4 7. Qc2 a6 8. Qxc4 b5 9. Qc2 Bb7 10. Bd2 Be4 11. Qc1 Nc6 12. e3 b4 13. Ne1 Bxg2 14. Nxg2 Qd5 15. Nf4 Qd7 16. Be1 e5 17. dxe5 Nxe5 18.
Nd2 g5 19. Ne2 Qh3 20. Nd4 Rad8 21. f3 c5 22. N4b3 Rd3 23. Nc4 Nfd7 24. Qc2 Rd8 25.
Nbd2 Qe6 26. Bf2 Nxc4 27. Nxc4 Ne5 28. Nxe5 Qxe5 29. Rad1 c4 30. b3 Qc3 31. Qxc3 bxc3 32. Rc1 cxb3 33. axb3 Bb4 34. e4 Rd2 35. Be3 Re2 36.
Bxg5 Rd3 37. Rf2 Bc5 0-1

[Event "Late-Titled-Tuesday-Blitz-January-30-2024"]
[Site "Chess.com"]
[Date "2024.01.30"]
[Round "2"]
[White "rikchessmx"]
[Black "BigAl"]
[Result "0-1"]
[WhiteElo "2326"]
[BlackElo "2540"]
[TimeControl "180+1"]
[EndTime "14:16:21 PST"]
[Termination "BigAl won by resignation"]

1. e4 c6 2. d4 d5 3. Nc3 dxe4 4. Nxe4 Nf6 5. Ng5 Bf5 6. N1f3 h6 7. Nh3 g5 8. Ne5 Nbd7 9. Nxd7 Qxd7 10. Bc4 Bxh3 11. gxh3 Qxh3 12. Qe2 e6 13. Bd2 Qg4 14. Qd3 Qe4+ 15. Qxe4 Nxe4 16. Be3 Bg7 17. O-O-O O-O-O 18. h4 Bf6 19. hxg5 Bxg5 20. f4 Bf6 21. f5 Ng3 22. fxe6 Nxh1 23. Rxh1 fxe6 24. Bxe6+ Kb8 25. c3 Bg5 26.
Bd2 Rdf8 27. d5 cxd5 28. Bxd5 Kc7 29. c4 b6 30. Kc2 Rf2 31. Rd1 h5 32. Kd3 Rxd2+ 33.
Rxd2 Bxd2 34. Kxd2 a5 35. b3 Kd6 36. Kd3 h4 37. a3 h3 38. b4 a4 39. Bh1 h2 40.
Kd4 Rh4+ 41. Kd3 Rh3+ 42. Kd4 Rxa3 43. c5+ bxc5+ 44. bxc5+ Kc7 45. Kc4 Ra1 0-1

[Event "Late-Titled-Tuesday-Blitz-January-30-2024"]
[Site "Chess.com"]
[Date "2024.01.30"]
[Round "2"]
[White "FontVella8"]
[Black "EsmeraldasAnderson03"]
[Result "1-0"]
[WhiteElo "2744"]
[BlackElo "2408"]
[TimeControl "180+1"]
[EndTime "14:16:22 PST"]
[Termination "FontVella8 won by resignation"]

1. e4 c5 2. Nf3 d6 3. d4 cxd4 4. Nxd4 Nf6 5. f3 e5 6. Nb3 Be6 7. c4 Be7 8. Nc3 O-O 9. Be3 Nh5 10. Qd2 f5 11. exf5 Bxf5 12. g4 Bh4+ 13. Kd1 Bg6 14.
gxh5 Bxh5 15. Be2 Nc6 16. Rg1 Bxf3 17. Bxf3 Rxf3 18. Qd5+ Rf7 19. Ke2 Ne7 20. Qe6 Qc8 21. Qxc8+ Rxc8 22. Ne4 Nf5 23. Rac1 Nxe3 24. Kxe3 Rf4 25.
Nbd2 Rcf8 26. Rcf1 Be7 27. Rxf4 exf4+ 28. Kf3 h6 29. Nc3 Bf6 30. Nde4 Be5 31. h4 Rc8 32. b3 Kf7 33. Nd5 Ke6 34. Rg6+ Kf7 35. Rxd6 1-0

[Event "Late-Titled-Tuesday-Blitz-January-30-2024"]
[Site "Chess.com"]
[Date "2024.01.30"]
[Round "2"]
[White "N_Mullodzhanov"]
[Black "protectiago"]
[Result "1-0"]
[WhiteElo "2454"]
[BlackElo "2058"]
[TimeControl "180+1"]
[EndTime "14:16:22 PST"]
[Termination "N_Mullodzhanov won on time"]

1. e4 e5 2. Nf3 Nc6 3. Bc4 Bc5 4.
c3 Nf6 5. d4 exd4 6. cxd4 Bb4+ 7. Nc3 Nxe4 8. O-O Bxc3 9. bxc3 d5 10. Bd3 O-O 11. Qc2 Re8 12. Rb1 h6 13. Bf4 Qf6 14.
Bxc7 Bg4 15. Ne5 Qg5 16. Nxg4 Qxg4 17. f3 Qd7 18. Rxb7 Rac8 19. fxe4 Rxc7 20. Rxc7 Qxc7 21. exd5 Ne7 22. Qb3 Qd6 23. c4 Rb8 24. c5 Qd8 25.
Qc4 Kh8 26. d6 Nc6 27. Qxf7 Nxd4 28. Qg6 Qg8 29. d7 Rd8 30. a4 Rxd7 31. Rf8 1-0

[Event "Late-Titled-Tuesday-Blitz-January-30-2024"]
[Site "Chess.com"]
[Date "2024.01.30"]
[Round "2"]
[White "Practical-Play"]
[Black "ElephantChessGenius"]
[Result "1-0"]
[WhiteElo "2610"]
[BlackElo "2256"]
[TimeControl "180+1"]
[EndTime "14:16:25 PST"]
[Termination "Practical-Play won on time"]

1. e4 c5 2. c3 Nf6 3. e5 Nd5 4. d4 d6 5. Nf3 Nc6 6. Bb5 Bd7 7. dxc5 Nc7 8. Bc4 dxe5 9. Qe2 Be6 10. Bxe6 Nxe6 11.
b4 Qc7 12. Na3 a6 13. Nc4 f6 14. O-O O-O-O 15. b5 axb5 16. Nb6+ Kb8 17. a4 b4 18. Qc4 Na5 19. Qxe6 bxc3 20. Be3 c2 21. Rfc1 Nc6 22. Rxc2 Nb4 23. Rcc1 Nd3 24. Rc3 1-0

[Event "Late-Titled-Tuesday-Blitz-January-30-2024"]
[Site "Chess.com"]
[Date "2024.01.30"]
[Round "2"]
[White "gomeschess02"]
[Black "DeArron_Fox"]
[Result "0-1"]
[WhiteElo "2193"]
[BlackElo "2492"]
[TimeControl "180+1"]
[EndTime "14:16:25 PST"]
[Termination "DeArron_Fox won on time"]

1. e4 c5 2. Nf3 e6 3. d4 cxd4 4. Nxd4 a6 5. Bd3 Bc5 6. Nb3 Ba7 7. Qg4 Nf6 8. Qxg7 Rg8 9. Qh6 Rxg2 10. Be3 Ng4 11.
Qxh7 Qf6 12. Rf1 Nxh2 13. Rh1 Bxe3 14. fxe3 Qf2+ 15. Kd1 Nf3 16. N1d2 Nxd2 0-1

[Event "Late-Titled-Tuesday-Blitz-January-30-2024"]
[Site "Chess.com"]
[Date "2024.01.30"]
[Round "2"]
[White "blitis"]
[Black "ChristopherYoo"]
[Result "1-0"]
[WhiteElo "2624"]
[BlackElo "2925"]
[TimeControl "180+1"]
[EndTime "14:16:28 PST"]
[Termination "blitis won on time"]

1. e4 c5 2. Nf3 d6 3. d4 cxd4 4. Nxd4 Nf6 5. f3 e5 6. Bb5+ Bd7 7. Bxd7+ Qxd7 8. Nf5 d5 9. Bg5 dxe4 10. Bxf6 Qxd1+ 11. Kxd1 gxf6 12. fxe4 Nd7 13. Nc3 O-O-O 14. Ke2 Nb6 15. Rad1 Bb4 16. Nb1 Nc4 17. b3 Nd6 18. Nxd6+ Bxd6 19.
Nc3 Bc5 20. Nd5 Rd6 21. Rhf1 Ra6 22. a4 Rg8 23. g3 Rg6 24. Rd3 Rc6 25. c4 Rh6 26. h4 a5 27. Rdf3 Kb8 28. Nxf6 Rd6 29. Nd5 1-0

[Event "Late-Titled-Tuesday-Blitz-January-30-2024"]
[Site "Chess.com"]
[Date "2024.01.30"]
[Round "2"]
[White "ChessSwole"]
[Black "egnfanclub"]
[Result "1-0"]
[WhiteElo "2578"]
[BlackElo "2367"]
[TimeControl "180+1"]
[EndTime "14:16:31 PST"]
[Termination "ChessSwole won on time"]

1. e4 e5 2. Nf3 Nc6 3. Nc3 Nf6 4.
h3 d5 5. exd5 Nxd5 6. Bb5 Nxc3 7. bxc3 Bd6 8. O-O O-O 9. d4 exd4 10. cxd4 Ne7 11. Re1 c6 12. Bd3 Ng6 13. c4 Nf4 14. Bf1 Qf6 15. Ne5 c5 16. Bb2 cxd4 17. Bxd4 Bb4 18.
Re3 Rd8 19. Qb3 a5 20. Bb2 Rd2 21. Nd3 Rxb2 22. Qxb4 Bf5 23. Qxb2 Nxd3 24. Qxf6 gxf6 25. Bxd3 1-0

[Event "Late-Titled-Tuesday-Blitz-January-30-2024"]
[Site "Chess.com"]
[Date "2024.01.30"]
[Round "2"]
[White "chessisveryfun1264"]
[Black "Iball95"]
[Result "0-1"]
[WhiteElo "2548"]
[BlackElo "2788"]
[TimeControl "180+1"]
[EndTime "14:16:36 PST"]
[Termination "Iball95 won by resignation"]

1. e4 c5 2. Nf3 e6 3. g3 Nc6 4. Bg2 d5 5. exd5 exd5 6. Rf1 Nf6 7. Qe2+ Be7 8. d3 O-O 9. Bg5 Re8 10. Qd2 h6 11. Bf4 Bf8+ 12. Kd1 g5 13. Nxg5 hxg5 14. Bxg5 d4 15. Qf4 Bg7 16. Nd2 Bg4+ 17. f3 Bh5 18.
Ne4 Rxe4 19. dxe4 Qe7 20. Re1 Qe5 21. g4 Bg6 22. h4 Nd7 23. h5 Bh7 24. Bf1 d3 25. Qxe5 Ndxe5 26. Bg2 Nd4 27. cxd3 Nxd3 28. Re3 Nxb2+ 29. Kc1 Nc4 30. Re1 Nxf3 31. Bxf3 Bxa1 32. Bd1 Bd4 33. Bb3 Ne5 34. Rf1 c4 35. Ba4 Bxe4 0-1

[Event "Late-Titled-Tuesday-Blitz-January-30-2024"]
[Site "Chess.com"]
[Date "2024.01.30"]
[Round "2"]
[White "dzilleruelo"]
[Black "RichardLeyvaP"]
[Result "0-1"]
[WhiteElo "2306"]
[BlackElo "2534"]
[TimeControl "180+1"]
[EndTime "14:16:36 PST"]
[Termination "RichardLeyvaP won by resignation"]

1. e4 e5 2. Nf3 Nc6 3. Bb5 a6 4. Ba4 Nf6 5. O-O Be7 6. Re1 b5 7. Bb3 d6 8. c3 O-O 9. h3 Bb7 10.
d4 Re8 11. Nbd2 Bf8 12. d5 Ne7 13. Nf1 h6 14. Ng3 c6 15. dxc6 Bxc6 16. a4 Qc7 17.
axb5 axb5 18. Rxa8 Bxa8 19. Nh4 d5 20. exd5 Bxd5 21.
Nhf5 Nxf5 22. Nxf5 Bxb3 23. Qxb3 Qb7 24. c4 b4 25. Rd1 Ne4 26. Ne3 Nc5 27. Qc2 b3 28. Qc3 e4 29. Nd5 Nd3 30. Be3 Bd6 31. g3 Be5 32. Bd4 Bxd4 33. Qxd4 Qc8 34. Kg2 Qf5 35. Rd2 Ne1+ 36. Kf1 Nf3 37. g4 Qg5 38. Qe3 Nxd2+ 0-1

[Event "Late-Titled-Tuesday-Blitz-January-30-2024"]
[Site "Chess.com"]
[Date "2024.01.30"]
[Round "2"]
[White "Doomfist26"]
[Black "vugarrasulov"]
[Result "0-1"]
[WhiteElo "2612"]
[BlackElo "2951"]
[TimeControl "180+1"]
[EndTime "14:16:37 PST"]
[Termination "vugarrasulov won by resignation"]

1. e4 e5 2. Nf3 Nc6 3. Bb5 g6 4. O-O Bg7 5. c3 a6 6. Ba4 d6 7.
h3 Nf6 8. d4 Bd7 9. Re1 O-O 10.
Bc2 h6 11. Be3 exd4 12. cxd4 Nb4 13. Nc3 Nxc2 14. Qxc2 Re8 15. e5 Nh7 16. Bf4 Ng5 17. Nxg5 hxg5 18. Bg3 dxe5 19. Bxe5 Bc6 20. Rad1 Qd7 21.
Qb3 Bxe5 22. dxe5 Qe6 23. Qb4 Rad8 24. Rxd8 Rxd8 25. Qc5 g4 26. Ne4 gxh3 27. Nf6+ Kg7 28. Qe3 Rh8 29. Qg5 hxg2 0-1

[Event "Late-Titled-Tuesday-Blitz-January-30-2024"]
[Site "Chess.com"]
[Date "2024.01.30"]
[Round "2"]
[White "falzehope0"]
[Black "chegueps"]
[Result "0-1"]
[WhiteElo "2376"]
[BlackElo "2614"]
[TimeControl "180+1"]
[EndTime "14:16:40 PST"]
[Termination "chegueps won by checkmate"]

1. d4 Nf6 2. e3 d5 3. Bd3 c5 4. c3 Nc6 5. f4 Bg4 6. Ne2 e6 7. Nd2 Be7 8. O-O O-O 9. Nf3 Bxf3 10. gxf3 a6 11. Kh1 b5 12. b3 c4 13. Bc2 g6 14.
b4 a5 15. a3 axb4 16. Bb2 b3 17. Bb1 Ra7 18. e4 Qa8 19. Qc1 b4 20. cxb4 Nxb4 21. e5 Nh5 22. Rg1 Ng7 23. f5 exf5 24. Qh6 Rc8 25.
Rg3 Bf8 26. Nf4 c3 27. axb4 Rxa1 28. Bxa1 c2 29. Bxc2 bxc2 30. Bb2 c1=Q+ 31. Bxc1 Rxc1+ 32. Kg2 Qa2+ 33. Kh3 Ne6 34. Qh4 Be7 35. Qxe7 Nxf4+ 36. Kh4 Qxh2+ 37. Kg5 Qxg3+ 38. Kf6 Qh4# 0-1

[Event "Late-Titled-Tuesday-Blitz-January-30-2024"]
[Site "Chess.com"]
[Date "2024.01.30"]
[Round "2"]
[White "ansko1999"]
[Black "GMWSO"]
[Result "0-1"]
[WhiteElo "2669"]
[BlackElo "3100"]
[TimeControl "180+1"]
[EndTime "14:16:42 PST"]
[Termination "GMWSO won on time"]

1. e4 c5 2. Nf3 d6 3. Bb5+ Nd7 4.
Ba4 Nf6 5. O-O g6 6. Re1 a6 7. c3 c4 8. Bc2 Bg7 9. b3 b5 10. bxc4 bxc4 11. Na3 Qc7 12. Qe2 Nb6 13. e5 dxe5 14. Nxe5 Be6 15. d4 cxd3 16. Bxd3 O-O 17.
c4 Ng4 18. Bf4 Nxe5 19. Bxe5 Bxe5 20. Qxe5 Qxe5 21. Rxe5 Rfd8 22. Bf1 Rdc8 23. Rc1 Kg7 24. Ra5 Nd7 25. c5 Bxa2 26. Nc2 Be6 27. Nb4 Nb8 28. Nxa6 Nc6 29. Rca1 Nxa5 30. Rxa5 Bd5 31. Ra3 Bb7 32. Bb5 Bxa6 33. Bxa6 Rc6 0-1

[Event "Late-Titled-Tuesday-Blitz-January-30-2024"]
[Site "Chess.com"]
[Date "2024.01.30"]
[Round "2"]
[White "NowInChess"]
[Black "brm72"]
[Result "0-1"]
[WhiteElo "2296"]
[BlackElo "2696"]
[TimeControl "180+1"]
[EndTime "14:16:48 PST"]
[Termination "brm72 won by resignation"]

1. e4 c5 2. d3 e6 3. g3 d5 4. Nd2 Nf6 5. Bg2 g6 6. Ngf3 Bg7 7. O-O O-O 8. Re1 Nc6 9. c3 a5 10.
a4 b6 11. e5 Nd7 12. d4 cxd4 13. cxd4 f6 14. exf6 Qxf6 15. Nb3 Ba6 16. Bg5 Qf7 17. Rc1 Nb4 18. Rc7 Rac8 19. Rxc8 Rxc8 20. Bh3 Rc6 21. Ne5 Nxe5 22. dxe5 Nd3 23. Re2 Nxe5 24. Nd4 Nf3+ 25. Nxf3 Qxf3 26. Bf1 Bxe2 27. Bxe2 Qf5 28. Bf4 g5 29. Be3 h6 30. Bg4 Qe4 31. Qd2 Qxg4 0-1

[Event "Late-Titled-Tuesday-Blitz-January-30-2024"]
[Site "Chess.com"]
[Date "2024.01.30"]
[Round "2"]
[White "LevonAronian"]
[Black "Inepton_Fermion"]
[Result "1-0"]
[WhiteElo "3092"]
[BlackElo "2419"]
[TimeControl "180+1"]
[EndTime "14:16:48 PST"]
[Termination "LevonAronian won on time"]

1. e4 g6 2. d4 Bg7 3. c4 d6 4.
Nc3 c5 5. d5 Bxc3+ 6. bxc3 e5 7. f4 exf4 8. Bxf4 Qh4+ 9. Bg3 Qe7 10. Bd3 Nf6 11. Nf3 Bg4 12. O-O Nbd7 13. Qd2 Bxf3 14. gxf3 Nh5 15. f4 f6 16. Be2 Ng7 17. Bg4 O-O 18. Rae1 Rae8 19. Qg2 Qf7 20. Bh3 Kh8 21. e5 Nb6 22. e6 Qe7 23. f5 Nxc4 24. fxg6 hxg6 25. Qe4 f5 26. Qxc4 a6 27. Qf4 Qf6 28.
Qxd6 Rd8 29. Qe5 1-0

[Event "Late-Titled-Tuesday-Blitz-January-30-2024"]
[Site "Chess.com"]
[Date "2024.01.30"]
[Round "2"]
[White "Malev212"]
[Black "Azerichess"]
[Result "0-1"]
[WhiteElo "2658"]
[BlackElo "3076"]
[TimeControl "180+1"]
[EndTime "14:16:49 PST"]
[Termination "Azerichess won by resignation"]

1. e4 d5 2. exd5 Qxd5 3. Nc3 Qa5 4. g3 Nf6 5. Bg2 Nc6 6. Nf3 e5 7. O-O Bg4 8. h3 Bh5 9. d3 O-O-O 10. Bd2 Qb6 11. g4 Bg6 12. Nh4 Nd4 13. a4 a5 14.
Nb5 Bc5 15. Nxd4 Bxd4 16. Nxg6 hxg6 17. c3 Bc5 18. b4 axb4 19. a5 Qb5 20. a6 bxa6 21.
d4 exd4 22. cxb4 Bb6 23. Qf3 Nd5 24. Rfc1 d3 25. Ra3 Rd6 26. Rxd3 Rhd8 27. Qxf7 Qxd3 28. Bg5 Nf6 29. Be3 Qb5 30. Qxg7 Rd1+ 31. Rxd1 Rxd1+ 0-1

[Event "Late-Titled-Tuesday-Blitz-January-30-2024"]
[Site "Chess.com"]
[Date "2024.01.30"]
[Round "2"]
[White "ContrVersia"]
[Black "mightysmasher"]
[Result "1-0"]
[WhiteElo "2852"]
[BlackElo "2570"]
[TimeControl "180+1"]
[EndTime "14:16:49 PST"]
[Termination "ContrVersia won by checkmate"]

1. e4 e6 2. d4 d5 3. Nc3 dxe4 4. Nxe4 Nd7 5. Nf3 Ngf6 6. Nxf6+ Nxf6 7. Be3 Be7 8. Bd3 O-O 9. Qe2 b6 10. O-O-O a5 11.
Ne5 Bb7 12. Rhg1 a4 13. a3 Nd5 14. Bd2 Bd6 15. f4 Qe7 16. c4 Nf6 17. g4 Bxa3 18. g5 Ne8 19. Rg3 g6 20. c5 bxc5 21. bxa3 cxd4 22.
Bc2 Bd5 23. h4 Ng7 24. Ng4 Nh5 25. Nf6+ Nxf6 26. gxf6 Qxf6 27. Qe5 Qf5 28. Bxf5 Bb3 29. Bc2 Bd5 30. f5 f6 31. Qxd4 Rad8 32. fxg6 e5 33.
gxh7+ Kh8 34. Qc5 Rf7 35. Bh6 c6 36. Rdg1 Rb7 37. Bg7+ Rxg7 38. Rxg7 e4 39. Qe7 Rb8 40. Qxf6 Rb1+ 41. Bxb1 Bg8 42. Rf7# 1-0

[Event "Late-Titled-Tuesday-Blitz-January-30-2024"]
[Site "Chess.com"]
[Date "2024.01.30"]
[Round "2"]
[White "Kombinator01"]
[Black "chenxiaoyuer"]
[Result "1-0"]
[WhiteElo "2478"]
[BlackElo "2746"]
[TimeControl "180+1"]
[EndTime "14:16:49 PST"]
[Termination "Kombinator01 won by checkmate"]

1. d4 Nf6 2. Bf4 g6 3. Nc3 d5 4.
e3 Bg7 5. h4 h5 6. Nf3 O-O 7.
Ne5 c6 8. Be2 Nbd7 9. Qd3 Nxe5 10. Bxe5 Bf5 11. Qd2 Bh6 12. f3 Nd7 13. Bf4 Bxf4 14.
exf4 Nf6 15. O-O-O b5 16. g4 Bd7 17. f5 b4 18. fxg6 fxg6 19. Qg5 bxc3 20. Qxg6+ Kh8 21. Bd3 cxb2+ 22. Kb1 Qe8 23. Qh6+ Kg8 24. g5 Ne4 25. fxe4 dxe4 26. g6 Rf7 27. gxf7+ Kxf7 28. Bc4+ e6 29. Qh7+ Kf6 30. Rdf1# 1-0

[Event "Late-Titled-Tuesday-Blitz-January-30-2024"]
[Site "Chess.com"]
[Date "2024.01.30"]
[Round "2"]
[White "TheAlienParty"]
[Black "Tejas_Rama"]
[Result "1-0"]
[WhiteElo "2389"]
[BlackElo "2590"]
[TimeControl "180+1"]
[EndTime "14:16:49 PST"]
[Termination "TheAlienParty won by resignation"]

1. c4 e5 2. Nc3 Nf6 3. Nf3 Nc6 4. e4 Bc5 5. Nxe5 Nxe5 6. d4 Bd6 7. f4 Ng6 8. e5 O-O 9. exd6 cxd6 10. Be2 d5 11.
cxd5 Qa5 12. O-O Nxd5 13. Bd2 Nxc3 14. Bxc3 Qd8 15. f5 Ne7 16. f6 gxf6 17. d5 f5 18.
d6 Ng6 19. Rxf5 Re8 20. Bc4 Re6 21. Bxe6 dxe6 22. Rf2 e5 23. Qd5 Be6 24. Qxb7 Rb8 25. Qc7 Qf8 26. Raf1 Rc8 27. Rxf7 Bxf7 28. Rxf7 Qxf7 29.
Qxc8+ Kg7 30. d7 Nf4 31. Bxe5+ Kg6 32. Qc2+ Kh5 33. d8=Q 1-0

[Event "Late-Titled-Tuesday-Blitz-January-30-2024"]
[Site "Chess.com"]
[Date "2024.01.30"]
[Round "2"]
[White "JackRodgers"]
[Black "larsmandreassen"]
[Result "1/2-1/2"]
[WhiteElo "2486"]
[BlackElo "2211"]
[TimeControl "180+1"]
[EndTime "14:16:49 PST"]
[Termination "Game drawn by repetition"]

1. d4 d5 2. Bg5 c6 3. e3 Bf5 4.
Bd3 Bxd3 5. Qxd3 h6 6. Bh4 Nd7 7. Nf3 Ngf6 8. Nbd2 e6 9. O-O Be7 10. Rfe1 O-O 11. c4 Rc8 12. c5 b6 13. b4 Rb8 14.
Rac1 bxc5 15. bxc5 Nh5 16. Bxe7 Qxe7 17. Qa3 Rb7 18.
Rb1 Rfb8 19. Qa6 Rxb1 20. Rxb1 Rxb1+ 21. Nxb1 Nb8 22. Qc8+ Qf8 23. Qb7 a6 24. Ne5 Qe8 25. f3 Nf6 26. Nc3 Qd8 27. Na4 Qe8 28. Nb6 g5 29. Nc8 Nfd7 30. Nd6 Qd8 31. Nxc6 Nxc6 32. Qxc6 Qa5 33. h3 Qe1+ 34. Kh2 Qxe3 35. Qxd7 Qf4+ 36.
Kg1 Qc1+ 37. Kf2 Qd2+ 38. Kf1 Qd1+ 39. Kf2 Qd2+ 40. Kg1 Qc1+ 41. Kh2 Qf4+ 42. Kh1 Qc1+ 43. Kh2 Qf4+ 1/2-1/2

[Event "Late-Titled-Tuesday-Blitz-January-30-2024"]
[Site "Chess.com"]
[Date "2024.01.30"]
[Round "2"]
[White "Viktor_Poddubnyi"]
[Black "jk13"]
[Result "0-1"]
[WhiteElo "2316"]
[BlackElo "2707"]
[TimeControl "180+1"]
[EndTime "14:16:51 PST"]
[Termination "jk13 won on time"]

1. e4 e5 2. f4 exf4 3. Nf3 Ne7 4.
d4 d5 5. Bd3 dxe4 6. Bxe4 Ng6 7.
Bxg6 hxg6 8. Bxf4 Be7 9. O-O O-O 10. c4 Bf6 11. Nc3 Bg4 12. d5 Nd7 13. Qd2 Re8 14.
Rfe1 Bxf3 15. gxf3 Ne5 16. Bxe5 Bxe5 17. Re4 f5 18. Re2 Qh4 19. Rf1 Qxc4 20. Rfe1 Bd4+ 21. Kh1 Rxe2 22. Rxe2 Bf6 23. Re1 Rd8 24. Rd1 Rd6 25.
Kg2 c6 26. Kh1 Bxc3 27. bxc3 Qxd5 0-1

[Event "Late-Titled-Tuesday-Blitz-January-30-2024"]
[Site "Chess.com"]
[Date "2024.01.30"]
[Round "2"]
[White "19912131712118"]
[Black "Binary010"]
[Result "0-1"]
[WhiteElo "2417"]
[BlackElo "2909"]
[TimeControl "180+1"]
[EndTime "14:16:52 PST"]
[Termination "Binary010 won on time"]

1. e4 c5 2. Nf3 d6 3. d4 cxd4 4. Nxd4 Nf6 5. Nc3 a6 6. f4 e5 7. Nf3 Nbd7 8. Bd3 Be7 9. O-O b5 10. Kh1 O-O 11. g4 b4 12. g5 bxc3 13. gxf6 Nxf6 14. f5 Bb7 15. Qe1 d5 16. exd5 Qxd5 17. Be2 e4 18. Ng5 h6 19. Nh3 cxb2 20. Bxb2 Rab8 21. Rd1 Qxa2 22. Bd4 Rfd8 23. Be3 Rxd1 24. Bxd1 Nd5 25. Bd4 Qc4 26. c3 Bf6 27. Be2 Qc7 28.
Nf2 Bxd4 29. cxd4 e3 30. Ng4 Nf4+ 0-1

[Event "Late-Titled-Tuesday-Blitz-January-30-2024"]
[Site "Chess.com"]
[Date "2024.01.30"]
[Round "2"]
[White "karinachess1"]
[Black "MrTattaglia"]
[Result "0-1"]
[WhiteElo "2616"]
[BlackElo "2973"]
[TimeControl "180+1"]
[EndTime "14:16:53 PST"]
[Termination "MrTattaglia won by resignation"]

1. d4 Nf6 2. c4 e6 3. Nc3 d5 4. cxd5 exd5 5. Bg5 Bb4 6. a3 Bxc3+ 7. bxc3 h6 8. Bf4 O-O 9. e3 c5 10. Bd3 Ne4 11. Ne2 cxd4 12. Bxe4 dxe4 13. cxd4 b6 14. O-O Ba6 15. Rc1 Qd7 16. Re1 Nc6 17. Qa4 Bb7 18.
Red1 Qg4 19. Ng3 Ne7 20. h3 Qe6 21. Rc7 Bc6 22. Qc2 Bd5 23. Rc1 Ng6 24. Ne2 b5 25.
Qc5 Bc4 26. Rc6 Qd7 27. Rc7 Qd8 28. Nc3 Nxf4 29. exf4 Qf6 30. Nxe4 Qxf4 31. Re1 Rae8 32. Re7 Rd8 33. g3 Qf3 34. Nd2 Qc3 35. Nxc4 bxc4 36. Rc7 Qxe1+ 0-1

[Event "Late-Titled-Tuesday-Blitz-January-30-2024"]
[Site "Chess.com"]
[Date "2024.01.30"]
[Round "2"]
[White "RantomOpening"]
[Black "SuanFernandes"]
[Result "1-0"]
[WhiteElo "2539"]
[BlackElo "2314"]
[TimeControl "180+1"]
[EndTime "14:16:54 PST"]
[Termination "RantomOpening won by resignation"]

1. e4 c6 2. d4 d5 3. Nc3 dxe4 4.
Nxe4 Nf6 5. Nxf6+ exf6 6. Bd3 Bd6 7. Qh5 Be6 8. Ne2 g6 9. Qh4 O-O 10. O-O Nd7 11. c3 Re8 12. Bd2 b5 13. Rfe1 Bd5 14.
Ng3 Nf8 15. Rxe8 Qxe8 16. Qxf6 Ne6 17. Re1 Qd7 18. Bh6 Be7 19. Qe5 Bd6 20. Qe3 Bxa2 21.
Ne4 Be7 22. Qf3 Qd8 23. Ng3 Bd5 24. Be4 Bxe4 25. Nxe4 Rc8 26. g3 a5 27. h4 Ng7 28.
Ng5 Nf5 29. Nxf7 Qd5 30. Qxd5 cxd5 31. g4 Kxf7 32. gxf5 gxf5 33. Re5 Bxh4 34. Rxf5+ Ke6 35. Re5+ Kd6 36. Bf4 Rc6 37. Rh5+ 1-0

[Event "Late-Titled-Tuesday-Blitz-January-30-2024"]
[Site "Chess.com"]
[Date "2024.01.30"]
[Round "2"]
[White "Talcrifice"]
[Black "pirulillo"]
[Result "1-0"]
[WhiteElo "2527"]
[BlackElo "2293"]
[TimeControl "180+1"]
[EndTime "14:16:54 PST"]
[Termination "Talcrifice won by resignation"]

1. d4 Nf6 2. c4 g6 3. g3 Bg7 4.
Bg2 O-O 5. Nf3 d6 6. O-O Bf5 7. Nc3 Ne4 8. Nd5 c6 9. Ne3 Be6 10. d5 Bd7 11. Nd4 Nf6 12. b3 c5 13. Ndc2 a6 14. a4 a5 15. Rb1 Na6 16. Na3 Nb4 17. Bb2 b6 18. Qd2 Qc7 19. f4 Rae8 20. f5 Bc8 21. fxg6 fxg6 22. Nb5 Qb8 23. Nd1 Bd7 24.
Ndc3 Bxb5 25. Nxb5 Ng4 26. Bxg7 Kxg7 27. Nc3 h6 28. Be4 Rxf1+ 29. Rxf1 Rf8 30. h3 Ne5 31.
Rf4 g5 32. Rf2 Rxf2 33. Kxf2 Qf8+ 34. Kg2 Qf6 35. Bb1 h5 36. Ne4 Qh6 37. Qxg5+ Qxg5 38. Nxg5 Kf6 39. Ne4+ Kg7 40. Kf2 Na6 41. Ke3 Nc7 42. Kf4 Ne8 43. Kf5 Nc7 44. Ng5 Kh6 45. Ne6 Ne8 46. Bd3 Nf6 47. Nc7 Ne8 48. Nxe8 1-0